 Dungeon Crawl Stone Soup version 0.30.1-9-gdf580d7c3d (webtiles) character file.

Game seed: 7407729376322692477

19540 Armgoth the Impaler (level 12, -8/129 HPs)
             Began as a Minotaur Berserker on Oct 5, 2023.
             Was a High Priest of Trog.
             Mangled by an orc warrior
             ... wielding a +2 glaive of freezing
              (12 damage)
             ... on level 2 of the Orcish Mines.
             The game lasted 01:38:03 (12566 turns).

Armgoth the Impaler (Minotaur Berserker)           Turns: 12566, Time: 01:38:04

Health: -8/129     AC: 19    Str: 27    XL:     12   Next: 37%
Magic:  11/11      EV: 10    Int:  4    God:    Trog [*****.]
Gold:   1182       SH:  0    Dex: 10    Spells: 11/11 levels left

rFire   + . .        e - +6 bardiche (freeze)
rCold   . . .        (shield currently unavailable)
rNeg    . . .        R - +0 chain mail {rPois}
rPois   +            (helmet restricted)
rElec   .            T - +0 cloak
rCorr   .            a - +0 pair of gloves
SInv    .            (no boots)
Will    .....        (no amulet) Stlth
                     B - +4 ring of protection
HPRegen 0.41/turn    E - ring of protection from fire
MPRegen 0.12/turn

%: no passive effects
@: on berserk cooldown, slowed, very slow
A: horns 2, retaliatory headbutt, passive freeze, robust 1
a: Renounce Religion, Berserk, Trog's Hand, Brothers in Arms


You were on level 2 of the Orcish Mines.
You worshipped Trog.
Trog was extremely pleased with you.
You visited 3 branches of the dungeon, and saw 13 of its levels.

You collected 1182 gold pieces.

Inventory:

Hand Weapons
 e - a +6 bardiche of freezing (weapon)
 f - a +3 trident
 h - a +0 glaive
 m - a +5 short sword
 n - a +4 flail
 o - a +2 halberd of freezing
 u - a +5 falchion
 y - a +4 flail
 D - a +3 flail
 N - a +4 short sword of freezing
 O - a +2 heavy hand axe
 P - a +2 short sword
 Q - a +3 trident
 X - a +3 heavy spear
Missiles
 v - 3 boomerangs
 C - 38 poisoned darts
 L - 3 curare-tipped darts
Armour
 a - a +0 pair of gloves (worn)
 j - a +0 scale mail of poison resistance
 s - a +0 pair of boots
 K - a +2 leather armour of willpower
 R - a +0 chain mail of poison resistance (worn)
 T - a +0 cloak (worn)
 V - +0 steam dragon scales
 W - a +0 buckler
Magical Staves
 M - a staff of poison
 Y - a staff of earth
Jewellery
 i - a ring of ice
 B - a +4 ring of protection (left hand)
 E - a ring of protection from fire (right hand)
 H - a ring of protection from cold
 I - a ring of resist corrosion
Wands
 b - a wand of quicksilver (6)
 c - a wand of digging (4)
 l - a wand of paralysis (5)
 w - a wand of roots (7)
 Z - a wand of flame (25)
Scrolls
 A - 4 scrolls of blinking {unknown}
 G - a scroll of teleportation {unknown}
 J - a scroll of noise {unknown}
Potions
 d - a potion of might
 g - a potion of attraction {unknown}
 p - 2 potions of heal wounds
 r - 2 potions of ambrosia
 t - a potion of invisibility
 x - 2 potions of brilliance
 z - 3 potions of curing
 F - a potion of mutation
 U - a potion of berserk rage
Miscellaneous
 S - a phantom mirror


   Skills:
 * Level 14.4 Fighting
 + Level 15.9 Polearms
 + Level 0.9 Throwing
 + Level 11.8 Armour
 + Level 4.6 Dodging
 - Level 1.7 Stealth


You had 11 spell levels left.
You didn't know any spells.
Your spell library contained the following spells:

 Spells                   Type           Power      Damage    Failure   Level
 Apportation              Tloc           0%         N/A       89%         1
 Necrotise                Necr           0%         1d4       89%         1
 Sting                    Tmut/Pois      0%         1d3       89%         1
 Summon Small Mammal      Summ           0%         N/A       89%         1
 Cigotuvi's Dreadful Rot  Necr/Pois/Air  0%         N/A       96%         2
 Poisonous Vapours        Pois/Air       0%         N/A       96%         2
 Ignite Poison            Fire/Tmut/Pois 0%         N/A       99%         3
 Inner Flame              Hex/Fire       0%         N/A       99%         3
 Stone Arrow              Conj/Erth      0%         3d7       99%         3
 Tukima's Dance           Hex            0%         N/A       99%         3
 Animate Armour           Summ/Erth      0%         N/A       100%        4
 Flame Wave               Conj/Fire      0%         2d4       100%        4
 Leda's Liquefaction      Hex/Erth       0%         N/A       100%        4
 Olgreb's Toxic Radiance  Pois           0%         N/A       100%        4
 Passage of Golubria      Tloc           0%         N/A       100%        4
 Sticky Flame             Conj/Fire      0%         2d3       100%        4
 Freezing Cloud           Conj/Ice/Air   0%         6-21      100%        5
 Lee's Rapid Deconstruct  Erth           0%         3d4*      100%        5
 Yara's Violent Unravell  Hex/Tmut       0%         3d3       100%        5
 Statue Form              Tmut/Erth      0%         N/A       100%        6
 Lehudib's Crystal Spear  Conj/Erth      0%         10d2      100%        8


Dungeon Overview and Level Annotations

Branches:
Dungeon (10/15)            Temple (1/1) D:6            Lair (0/5) D:8
    Orc (2/2) D:10
    Elf: Orc:2

Altars:
Ashenzari
Cheibriados
Dithmenos
Elyvilon
Fedhas
Gozag
Hepliaklqana
Kikubaaqudgha
Makhleb
Nemelex Xobeh
Okawaru
Qazlal
Ru
Sif Muna
Trog
Uskayaw
Vehumet
Wu Jian
Xom
Yredelemnul
Zin
The Shining One

Shops:
D:4 [   D:8 *

Portals:
Bailey: D:9

Annotations:
D:3 Natasha
D:4 1 runed translucent door, Valens254's ghost, amateur DjHW
D:7 2 runed translucent doors
D:10 2 runed translucent doors, exclusion: obsidian statue


Innate Abilities, Weirdness & Mutations

You have a pair of horns on your head.
You reflexively headbutt those who attack you in melee.
A frigid envelope surrounds you and freezes all who hurt you.
You are robust. (+10% HP)


Message History

The orc knight no longer looks unusually strong.
The orc warrior no longer looks unusually strong.
The orc warlord roars a battlecry!
The orcs go into a battle-frenzy!
The orc warrior closely misses you. The orc sorcerer barely misses you.
The orc warlord roars a battlecry!
The orc sorcerer goes into a battle-frenzy!
The orc warrior hits you but does no damage.
You hit the orc warlord. You freeze the orc warlord.
You kill the orc warlord!
Trog accepts your kill.
The orc no longer looks unusually strong.
The orc warrior closely misses you.
The orc sorcerer hits you but does no damage.
The orc sorcerer is very cold.
The orc sorcerer is lightly wounded.
The orc knight barely misses you. You furiously retaliate!
You headbutt the orc knight.
The orc warrior hits you from afar with a +2 glaive of freezing!
* * * LOW HITPOINT WARNING * * *
The orc warrior freezes you.
* * * LOW HITPOINT WARNING * * *
Okay, then.
You feel much better.
The orc knight roars a battlecry!
The orc goes into a battle-frenzy!
The orc warrior hits you from afar with a +2 glaive of freezing!!
* * * LOW HITPOINT WARNING * * *
The orc warrior freezes you.
* * * LOW HITPOINT WARNING * * *
The orc sorcerer barely misses you. You furiously retaliate!
You headbutt the orc sorcerer!
Press: ? - help, v - describe, . - travel, g - get item
Here: an orc sorcerer, wielding a +0 dagger and wearing a +2 robe of willpower (heavily wounded, strong)
Items here: a +0 great mace; a +0 chain mail; an orc corpse.
The floor, spattered with blood.
You barely miss the orc sorcerer. Your headbutt misses the orc sorcerer.
The orc sorcerer is heavily wounded.
The orc warrior hits you from afar with a +2 glaive of freezing!
You die...

## ##.###
#....## ..
#....# ...
#.o@# ....
##o### #.#.#
#oo..## #....#
##o...# ......#
#oo..##
#......##)....#
.......$.<...##
P.............#
.....$........#


You could see an orc knight (strong), 2 orc sorcerers, 2 orc warriors and 2
orcs.

Vanquished Creatures
  An orc warlord (Orc:2)
  Snorg (D:10)
  2 boulder beetles
  An orc high priest (Orc:2)
  Sonja (Orc:1)
  An orc knight (Orc:1)
  An orc sorcerer (Orc:1)
  An elephant (D:8)
  A gargoyle (D:10)
  An unseen horror (D:10)
  2 trolls (D:10)
  A slime creature (D:7)
  A wraith (D:10)
  3 shadows (D:10)
  4 wyverns
  26 yaks
  3 steam dragons
  2 vampire mosquitoes
  2 wargs
  A water moccasin (D:8)
  An ice beast (D:6)
  19 orc warriors
  2 black bears (D:8)
  10 ogres
  3 centaurs
  2 phantoms
  7 kobold brigands
  8 gnoll sergeants
  3 bullfrogs
  5 scorpions
  16 wights
  12 killer bees
  The ghost of Tamtam the Shield-Bearer, a weakling DsWn (D:3)
  3 howler monkeys
  3 hounds
  5 orc priests
  2 jellies
  2 sleepcaps (D:6)
  5 iguanas
  15 orc wizards
  Natasha (D:3)
  14 adders
  10 gnolls
  A shadow imp (D:7)
  4 white imps
  A worm (D:2)
  4 dart slugs
  70 orcs
  7 ball pythons
  4 endoplasms
  5 giant cockroaches
  5 hobgoblins
  2 quokkas
  3 bats
  A frilled lizard (D:2)
  8 goblins
  21 kobolds
  5 rats
346 creatures vanquished.

Vanquished Creatures (collateral kills)
  An orc warrior (D:10)
  An orc (D:10)
2 creatures vanquished.

Vanquished Creatures (others)
  A howler monkey (D:9)
  An orc (D:7)
2 creatures vanquished.

Grand Total: 350 creatures vanquished

Notes
Turn   | Place    | Note
-------+----------+-------------------------------------------
     0 | D:1      | Armgoth the Minotaur Berserker began the quest for the Orb.
     0 | D:1      | Reached XP level 1. HP: 19/19 MP: 0/0
   130 | D:1      | Reached XP level 2. HP: 27/27 MP: 1/1
   132 | D:1      | Reached skill level 4 in Polearms
   481 | D:2      | Reached XP level 3. HP: 33/33 MP: 2/2
   499 | D:2      | Found a faded altar of an unknown god.
   499 | D:2      | Noticed a hell beast
  4369 | D:2      | Identified the +0 robe of the Sun {rF- Int+3 Archmagi}
  4506 | D:2      | Reached XP level 4. HP: 33/40 MP: 3/3
  4577 | D:2      | Reached skill level 5 in Polearms
  5134 | D:3      | Reached skill level 1 in Stealth
  5200 | D:3      | Found a runed translucent door.
  5206 | D:3      | Noticed Tamtam's ghost (weakling DsWn)
  5229 | D:3      | Reached XP level 5. HP: 34/47 MP: 4/4
  5231 | D:3      | Killed Tamtam's ghost
  5271 | D:3      | Noticed Natasha
  5274 | D:3      | Noticed an ogre
  5276 | D:3      | Killed Natasha
  5282 | D:3      | Killed an ogre
  5283 | D:3      | Reached XP level 6. HP: 50/55 MP: 5/5
  5513 | D:3      | Noticed Natasha
  5514 | D:3      | You fall into a shaft and drop 1 floor!
  5626 | D:4      | Reached ** piety under Trog
  5640 | D:4      | Reached skill level 6 in Polearms
  5668 | D:4      | Reached skill level 5 in Fighting
  5847 | D:4      | Reached skill level 7 in Polearms
  5847 | D:4      | Reached XP level 7. HP: 55/61 MP: 6/6
  5917 | D:4      | Found a runed translucent door.
  5924 | D:4      | Noticed Valens254's ghost (amateur DjHW)
  5983 | D:4      | Found a sparkling altar of Nemelex Xobeh.
  6449 | D:4      | Found Bucs's Armour Boutique.
  6713 | D:5      | Entered Level 5 of the Dungeon
  6745 | D:5      | Reached skill level 5 in Armour
  6863 | D:5      | Reached skill level 8 in Polearms
  7030 | D:5      | Reached XP level 8. HP: 70/70 MP: 7/7
  7033 | D:5      | Reached *** piety under Trog
  7034 | D:5      | Reached skill level 9 in Polearms
  7141 | D:5      | Found a hazy altar of Hepliaklqana.
  7319 | D:6      | Found a staircase to the Ecumenical Temple.
  7482 | D:6      | Identified the +2 rapier of Otzeidwi {heavy, rF+}
  7847 | Temple   | Entered the Ecumenical Temple
  7964 | D:7      | Reached skill level 10 in Polearms
  8153 | D:7      | Found a large runed translucent door.
  8153 | D:7      | Found a large runed translucent door.
  8153 | D:7      | Noticed a slime creature
  8212 | D:7      | Found a large runed translucent door.
  8216 | D:7      | Found a large runed translucent door.
  8353 | D:7      | Reached XP level 9. HP: 77/79 MP: 8/8
  8382 | D:7      | Reached skill level 11 in Polearms
  8574 | D:7      | Noticed a boulder beetle
  8586 | D:7      | Killed a boulder beetle
  8587 | D:7      | Reached skill level 12 in Polearms
  8771 | D:8      | Reached **** piety under Trog
  8801 | D:8      | Noticed an elephant
  8876 | D:8      | Reached XP level 10. HP: 70/91 MP: 9/9
  9053 | D:8      | Killed an elephant
  9090 | D:8      | Found a staircase to the Lair.
  9195 | D:8      | Found the +16 obsidian axe {drain, demonic, Mesm Drain Fly
                  | SInv}
  9290 | D:8      | Gained mutation: You are robust. (+10% HP) [potion of
                  | mutation]
  9290 | D:8      | Gained mutation: A frigid envelope surrounds you and
                  | freezes all who hurt you. [potion of mutation]
  9369 | D:8      | Found Yquloul's Overcharged Wands.
  9441 | D:8      | Reached skill level 10 in Fighting
  9444 | D:8      | Reached skill level 13 in Polearms
  9852 | D:9      | Reached skill level 10 in Armour
 10092 | D:9      | Reached XP level 11. HP: 104/109 MP: 10/10
 10125 | D:9      | Reached ***** piety under Trog
 10256 | D:9      | Found a flagged portal.
 10375 | D:10     | Entered Level 10 of the Dungeon
 10455 | D:10     | Reached skill level 14 in Polearms
 10578 | D:10     | Found a staircase to the Orcish Mines.
 10914 | D:10     | Identified a scroll of acquirement
 10914 | D:10     | Acquired a +6 bardiche of freezing
 11006 | D:10     | Found a runed translucent door.
 11017 | D:10     | Found a runed translucent door.
 11042 | D:10     | Found a runed translucent door.
 11045 | D:10     | Noticed Snorg
 11054 | D:10     | Killed Snorg
 11065 | D:10     | Found a runed translucent door.
 11099 | D:10     | Found a shimmering altar of Xom.
 11101 | D:10     | Found a radiant altar of Vehumet.
 11282 | D:10     | Reached skill level 15 in Polearms
 11318 | D:10     | Noticed a boulder beetle
 11337 | D:10     | Killed a boulder beetle
 11820 | D:10     | Noticed an obsidian statue
 11907 | Orc:1    | Entered Level 1 of the Orcish Mines
 11910 | Orc:1    | Noticed Sonja
 11921 | Orc:1    | Reached XP level 12. HP: 117/126 MP: 11/11
 11925 | Orc:1    | Killed Sonja
 12529 | Orc:2    | Entered Level 2 of the Orcish Mines
 12531 | Orc:2    | Noticed an orc high priest
 12531 | Orc:2    | Noticed an orc warlord
 12549 | Orc:2    | Killed an orc high priest
 12564 | Orc:2    | Killed an orc warlord
 12565 | Orc:2    | HP: 3/129 [orc warrior/+2 glaive of freezing (5)]
 12566 | Orc:2    | Mangled by an orc warrior

Illustrated notes

Levels and vault maps discovered:
D:1:      saegor_arrival_miasma, layout_rooms, serial_bayou,
          serial_bayou_shore_b, serial_bayou_pond_a, serial_bayou_pond_c,
          serial_bayou_pond_a
D:2:      wander_river, layout_basic, dreamdust_ecumenical_altar_sealed_demon,
          kennysheep_generic_room_7
D:3:      layout_rooms, ebering_ghost_sewer_d, kennysheep_doodads, minivault_24,
          uniq_natasha
D:4:      layout_basic, nemelex_xobeh_ov_fountains_minmay,
          gammafunk_ghost_grave, serial_shops, shop
D:5:      layout_rooms, worldfamousw_hep_ancestral_shrine, interstate_on_off
D:6:      layout_basic, temple_fountains, minivault_22
D:7:      layout_rooms, minmay_hollow_rounded_squares
D:8:      layout_loops_ring, david_lair_generic, special_room
          [special_room_orc], dreamdust_deal_with_the_devil, st_stairs_1,
          nicolae_shop_overcharged_wands
D:9:      layout_cave_pools, enter_bailey_2
D:10:     minmay_the_grid_square_5x5_3x3 [minmay_the_grid_square_5x5_lines,
          minmay_the_grid_square_5x5_six_small,
          minmay_the_grid_square_5x5_detours,
          minmay_the_grid_square_5x5_intrusive_squares,
          minmay_the_grid_square_5x5_megaprize_hollow,
          minmay_the_grid_square_5x5_checkered_sparse,
          minmay_the_grid_square_5x5_minivault,
          minmay_the_grid_square_5x5_dogpile, minmay_the_grid_square_5x5_tie],
          layout_irregular_city, mainiacjoe_overflow_big_doors,
          kennysheep_orc_monster_closet_entryway, chequers_serial_rivers_room_a,
          minmay_statue_crystal_thing, uniq_snorg
Temple:   compressed_dpeg_circular_temple
Orc:1:    layout_diamond_mine, uniq_sonja
Orc:2:    grunt_orc_gardens, layout_caves, grunt_orc_garden, grunt_orc_garden,
          grunt_orc_garden, grunt_orc_garden

Skill      XL: |  1  2  3  4  5  6  7  8  9 10 11 12 |
---------------+-------------------------------------+-----
Polearms       | 4 5 7 8 10 12 13 15 | 15.9
Fighting       | 4 5 7 9 11 13 14 | 14.4
Armour         | 3 4 5 6 8 10 11 | 11.8
Stealth        | 1 |  1.7
Dodging        | 3 4 |  4.6
Throwing       | |  0.9

Action                     |  1- 3 |  4- 6 |  7- 9 | 10-12 || total
---------------------------+-------+-------+-------+-------++-------
  Melee: Spear             |    86 |    17 |       |       ||   103
         Headbutt          |    17 |    12 |    45 |    82 ||   156
         Punch             |     1 |       |     1 |     3 ||     5
         Halberd           |       |    84 |   107 |    86 ||   277
         Trident           |       |       |   171 |   198 ||   369
         Bardiche          |       |       |       |   148 ||   148
  Throw: Boomerang         |       |       |     3 |       ||     3
         Dart              |       |       |     2 |       ||     2
 Invoke: Berserk           |     1 |     3 |     6 |     4 ||    14
         Trog's Hand       |       |       |       |     6 ||     6
         Brothers in Arms  |       |       |       |     1 ||     1
  Evoke: Wand              |       |       |       |     1 ||     1
    Use: Potion            |     1 |     2 |     2 |    12 ||    17
         Scroll            |       |       |     1 |     2 ||     3
 Armour: Animal skin       |    16 |       |       |       ||    16
         Plate armour      |       |    73 |   124 |       ||   197
         Chain mail        |       |       |    45 |   206 ||   251
  Dodge: Dodged            |    35 |    34 |    89 |   207 ||   365
